 Dungeon Crawl Stone Soup version 0.29.1-12-g30fa7ad0bf (webtiles) character file.

Game seed: 5421099955032727599

638 Radix the Digger (level 7, -2/36 HPs)
             Began as a Gargoyle Earth Elementalist on Dec 30, 2022.
             Slain by an iguana (7 damage)
             ... on level 5 of the Dungeon.
             The game lasted 00:23:53 (4330 turns).

Radix the Digger (Gargoyle Earth Elementalist)      Turns: 4330, Time: 00:23:54

Health: -2/36      AC:  8    Str: 11    XL:     7   Next: 50%
Magic:  5/14       EV: 11    Int: 18    God:
Gold:   110        SH:  3    Dex: 10    Spells: 11/15 levels left

rFire   . . .      SeeInvis +   f - +2 short sword (venom)
rCold   . . .      Faith    .   u - +0 buckler
rNeg    + . .      Spirit   .   a - +0 robe
rPois   ∞          Reflect  .   p - +0 helmet
rElec   +          Harm     .   l - +0 cloak
rCorr   .          Rampage  .   (no gloves)
Will    .....                   (no boots)
Stlth   ++........              (no amulet)
HPRegen 0.12/turn               k - ring of see invisible
MPRegen 0.14/turn               (no ring)

@: very slightly contaminated
A: sickness immunity, AC +4, negative energy resistance 1, electricity
resistance, torment resistance 1, petrification resistance
a: no special abilities


You were on level 5 of the Dungeon.
You visited 1 branch of the dungeon, and saw 5 of its levels.

You collected 220 gold pieces.
You spent 110 gold pieces at shops.

Inventory:

Hand Weapons
 d - a +0 whip
 f - a +2 short sword of venom (weapon)
Missiles
 r - 2 throwing nets
Armour
 a - a +0 robe (worn)
 l - a +0 cloak (worn)
 p - a +0 helmet (worn)
 u - a +0 buckler (worn)
Jewellery
 k - a ring of see invisible (left hand)
 m - a ring of protection from cold
Wands
 c - a wand of roots (8) (quivered)
 t - a wand of digging (6)
Scrolls
 n - 2 scrolls of identify
Potions
 e - 3 potions of attraction
 g - a potion of ambrosia {unknown}
 h - a potion of curing
 i - a potion of cancellation {unknown}
 j - 2 potions of heal wounds
 o - a potion of lignification {unknown}
 q - a potion of mutation {unknown}
 s - a potion of brilliance {unknown}


   Skills:
 - Level 1.5 Dodging
 - Level 2.1 Stealth
 + Level 4.8 Spellcasting
 + Level 3.8 Conjurations
 - Level 0.7 Transmutations
 + Level 6.9 Earth Magic


You had 11 spell levels left.
You knew the following spells:

 Your Spells              Type           Power      Damage    Failure   Level
a - Sandblast             Erth           58%        2d13      1%          1
b - Stone Arrow           Conj/Erth      46%        3d9       6%          3

Your spell library contained the following spells:

 Spells                   Type           Power      Damage    Failure   Level
 Passwall                 Tmut/Erth      15%        N/A       6%          2
 Sting                    Tmut/Pois      20%        1d4       16%         1
 Petrify                  Tmut/Erth      18%        N/A       36%         4
 Swiftness                Air            4%         N/A       50%         3
 Olgreb's Toxic Radiance  Pois           4%         N/A       88%         4
 Maxwell's Capacitive Co  Air            2%         ∞         100%        8


Dungeon Overview and Level Annotations

Branches:
Dungeon (5/15)
 Temple: D:4-7

Altars:
Okawaru

Shops:
D:3 !

Annotations:
D:3 Natasha
D:5 Pikel


Innate Abilities, Weirdness & Mutations

You are immune to sickness and miasma.
Your stone body is resilient. (AC +4)
You are immune to poison.
You resist negative energy. (rN+)
You are resistant to electric shocks. (rElec)
You are resistant to unholy torment.
You are immune to petrification.


Message History

Press: ? - help, Q - select action, (/) - cycle Shift-Dir - straight line, f - lemure, p - lemure
Aim: a lemure (lightly wounded)
Okay, then.
Casting: Sandblast (safe; 1% risk of failure)
Confirm with . or Enter, or press ? or * to list all spells.
Aiming: Sandblast (safe; 1% risk of failure)
Press: ? - help, Shift-Dir - straight line, f - gnoll, p - lemure
Aim: a gnoll, wielding a +0 spear (heavily wounded, 85% to hit)
The blast of sand hits the gnoll!
You kill the gnoll!
The grasping roots constrict the lemure!
You kill the lemure!
That felt strangely unrewarding.
The lemure misses you.
Casting: Sandblast (safe; 1% risk of failure)
Confirm with . or Enter, or press ? or * to list all spells.
Aiming: Stone Arrow (dangerous; 6% risk of failure)
Press: ? - help, Shift-Dir - straight line, f - ogre
Aim: an ogre, wielding a +0 giant spiked club (86% to hit)
The stone arrow hits the ogre!
The ogre is heavily wounded.
The lemure closely misses you.
Casting: Stone Arrow (dangerous; 6% risk of failure)
Confirm with . or Enter, or press ? or * to list all spells.
Aiming: Stone Arrow (dangerous; 6% risk of failure)
Press: ? - help, Shift-Dir - straight line, f/p - ogre
Aim: an ogre, wielding a +0 giant spiked club (heavily wounded, 86% to hit)
You miscast Stone Arrow.
You are very lightly contaminated with residual magic.
Nothing appears to happen.
The lemure closely misses you.
Casting: Stone Arrow (dangerous; 6% risk of failure)
Confirm with . or Enter, or press ? or * to list all spells.
Aiming: Stone Arrow (dangerous; 6% risk of failure)
Press: ? - help, Shift-Dir - straight line, f/p - ogre
Aim: an ogre, wielding a +0 giant spiked club (heavily wounded, 86% to hit)
The stone arrow hits the ogre!
The ogre is almost dead.
The ogre hits you with a +0 giant spiked club!
* * * LOW HITPOINT WARNING * * *
The iguana bites you!
You die...

##...## ..##. ###
##.....# .....
##..##.....###
......
....#.......##
......
O..#........##....#
#..#)....#.......#
##.#g###.#....##...
#Ol...####).......
#@5...##<........#
#...###.#...........
....#.#
.##..........
......###
..#.......... .....
............ #....
#...>....... #...
##.......... ....
#...##....5 #..O.l.


You could see an ogre, a lemure, an iguana and a gnoll.

Vanquished Creatures
  A black bear (D:4)
  An ogre (D:5)
  A lemure (D:5)
  2 scorpions (D:4)
  Crazy Yiuf (D:3)
  An orc priest (D:4)
  2 iguanas
  Natasha (D:3)
  5 gnolls
  9 adders
  2 worms
  A dart slug (D:4)
  9 orcs
  6 ball pythons
  4 bats
  6 endoplasms
  5 giant cockroaches
  8 goblins
  6 hobgoblins
  2 quokkas
  4 frilled lizards
  7 kobolds
84 creatures vanquished.

Vanquished Creatures (others)
  11 plants
11 creatures vanquished.

Grand Total: 95 creatures vanquished

Notes
Turn   | Place    | Note
-------+----------+-------------------------------------------
     0 | D:1      | Radix the Gargoyle Earth Elementalist began the quest for
                  | the Orb.
     0 | D:1      | Reached XP level 1. HP: 10/10 MP: 3/3
   243 | D:1      | Reached skill level 4 in Earth Magic
   243 | D:1      | Reached XP level 2. HP: 15/15 MP: 1/5
   842 | D:1      | Reached XP level 3. HP: 16/19 MP: 0/6
  1256 | D:2      | Reached XP level 4. HP: 21/24 MP: 3/8
  1361 | D:2      | Reached skill level 5 in Earth Magic
  1460 | D:2      | Found an iron altar of Okawaru.
  1729 | D:2      | Found a faded altar of an unknown god.
  1822 | D:2      | Got the Vellum of Filthy Clouds
  1840 | D:2      | Learned a level 3 spell: Stone Arrow
  2047 | D:3      | Found Touz Noj's Distillery.
  2057 | D:3      | Bought a potion of heal wounds for 55 gold pieces
  2057 | D:3      | Bought a potion of heal wounds for 55 gold pieces
  2109 | D:3      | Reached XP level 5. HP: 28/28 MP: 6/10
  2446 | D:3      | Noticed Natasha
  2449 | D:3      | Killed Natasha
  2450 | D:3      | Reached skill level 1 in Conjurations
  2656 | D:3      | Found a runed translucent door.
  2657 | D:3      | Noticed Crazy Yiuf
  2668 | D:3      | Killed Crazy Yiuf
  2935 | D:3      | Noticed Natasha
  3101 | D:4      | Reached XP level 6. HP: 32/32 MP: 6/11
  3305 | D:4      | Reached skill level 6 in Earth Magic
  3362 | D:4      | Noticed a black bear
  3369 | D:4      | Killed a black bear
  3463 | D:4      | Reached XP level 7. HP: 33/36 MP: 6/13
  4215 | D:5      | Entered Level 5 of the Dungeon
  4222 | D:5      | Noticed Pikel
  4330 | D:5      | Slain by an iguana

Illustrated notes

Levels and vault maps discovered:
D:1:      lightli_arrival_windingriver, layout_basic, minmay_pentomino_q4
D:2:      layout_rooms, basic_altar, chequers_ecumenical_altar_lobes
D:3:      layout_basic, serial_shops, nicolae_shop_hallway_stairs, uniq_natasha,
          uniq_crazy_yiuf_cottage
D:4:      layout_loops_ring, serial_bayou_lagoon_a
D:5:      layout_cave_pools, uniq_prince_ribbit1, uniq_pikel

Skill      XL: |  1  2  3  4  5  6 |
---------------+-------------------+-----
Earth Magic    | 4 5 6 |  6.9
Spellcasting   | 3 4 |  4.8
Conjurations   | 1 3 |  3.8
Dodging        | |  1.5
Stealth        | |  2.1
Transmutations | |  0.7

Action                   |  1- 3 |  4- 6 |  7- 9 || total
-------------------------+-------+-------+-------++-------
Melee: Whip              |    21 |       |       ||    21
       Short sword       |    14 |     1 |     2 ||    17
 Cast: Sandblast         |    30 |    69 |    18 ||   117
       Stone Arrow       |       |     4 |     5 ||     9
Evoke: Wand              |       |       |     2 ||     2
  Use: Scroll            |       |     7 |       ||     7
       Potion            |       |     3 |     1 ||     4
 Stab: Sleeping          |     1 |       |       ||     1
Armor: Robe              |    18 |     7 |     5 ||    30
Dodge: Dodged            |    33 |     9 |    21 ||    63
Block: Buckler           |       |     1 |     6 ||     7
